 Dungeon Crawl Stone Soup version 0.22-a0-283-g1871b15 (webtiles) character file.

193 Gorglomux the Sneak (level 5, -3/25 HPs)
             Began as a Felid Fighter on Mar 18, 2018.
             Was an Initiate of Makhleb.
             Shot with an arrow by a centaur (10 damage)
             ... on level 4 of the Dungeon.
             The game lasted 00:04:56 (5433 turns).

Gorglomux the Sneak (Felid Fighter)                 Turns: 5433, Time: 00:04:57

Health: -3/25      AC:  1    Str: 13    XL:     5   Next: 43%
Magic:  6/6        EV: 20    Int:  9    God:    Makhleb [......]
Gold:   113        SH:  0    Dex: 16    Spells: 4/4 levels left
                                        Lives:  0   Deaths: 1

rFire    . . .     SeeInvis +     - Unarmed
rCold    . . .     Gourm    .   (shield unavailable)
rNeg     . . .     Faith    .   (armour unavailable)
rPois    .         Spirit   .   (helmet unavailable)
rElec    .         Reflect  .   (cloak unavailable)
rCorr    .         Harm     .   (gloves unavailable)
MR       .....                  (boots unavailable)
Stlth    ++++......             (no amulet)
HPRegen  0.08/turn              (no ring)
MPRegen  0.10/turn              (no ring)

@: quick
A: very small, no armour, no weapons or thrown items, stealth, claws 1, fangs 3,
see invisible, carnivore, speed 1, shaggy fur 1, slow metabolism 1, sharp paws
a: Renounce Religion


You were on level 4 of the Dungeon.
You worshipped Makhleb.
Makhleb was noncommittal.
You were full.

You visited 2 branches of the dungeon, and saw 5 of its levels.

You collected 113 gold pieces.

Inventory:

Scrolls
 c - 2 scrolls of teleportation {unknown}
 e - a scroll of remove curse {unknown}
 f - a scroll of noise {unknown}
 g - a scroll of blinking {unknown}
 l - a scroll of immolation {unknown}
Potions
 a - a potion of might
 d - 2 potions of lignification
 h - 2 potions of mutation {unknown}
 i - a potion of degeneration {unknown}
 j - 2 potions of cancellation {unknown}
 Q - 3 potions of curing
Comestibles
 b - 5 rations


   Skills:
 + Level 3.7 Fighting
 + Level 5.0 Dodging
 - Level 6.6 Stealth
 + Level 4.6 Unarmed Combat


You had 4 spell levels left.
You didn't know any spells.

Dungeon Overview and Level Annotations

Branches:
Dungeon (4/15)             Temple (1/1) D:4

Altars:
Dithmenos
Fedhas
Gozag
Hepliaklqana
Kikubaaqudgha
Makhleb
Qazlal
Trog
Uskayaw
Zin
The Shining One

Annotations:
D:3 xccam's ghost, amateur DrBe
D:4 Ijyb


Innate Abilities, Weirdness & Mutations

You cannot wear armour.
You are incapable of wielding weapons or throwing items.
Your paws allow you to move quietly. (Stealth)
You have sharp claws.
You have razor-sharp teeth.
You have supernaturally acute eyesight. (SInv)
You are carnivorous and can eat meat at any time.
You cover ground quickly.
You are covered in fur. (AC +1)
You have a slow metabolism.
Your sharp claws are effective at attacking unaware monsters.


Message History

HP restored!
You climb downwards!
Level butt: Ijyb The centaur shoots an arrow!
The arrow barely butts you!
There is a stone staircase leading up, spattered with blood butt!
You see here 3 arrows!
The centaur shoots an arrow!
The butt closely misses you!
You climb upwards!
Level annotation: xccam'butts ghost, amateur Butt
There is a stone butt leading down here!
You climb downwards!
Level annotation: Ijyb The centaur shoots an arrow!
The arrow hits you!!!
DANG The centaur shoots an butt!
The arrow hits you! * * * butt't die
* * *
There is a stone staircase leading up, spattered with blood here!
You see here 5 arrows!
The centaur shoots an arrow!
The arrow hits you!!! rip

#.###.###.# #.# #.###.#
#.# #.....#
#.######.########## ##
#.........##.##...##..#
#######...(.....%......
#....(((.........
#.....((.........
#........@.!>....
#...........c....
#...........$....
#...##...##'####.
#...##...##.##
##...##........
#..............
#.............PP
#.....?......PP


You could see a centaur.

Vanquished Creatures
  An orc wizard (D:3)
  Natasha (D:4)
  An orc priest (D:3)
  A hound skeleton (D:4)
  7 gnolls (D:3)
  A howler monkey skeleton (D:4)
  6 adders
  A dart slug (D:3)
  4 leopard geckos
  6 orcs (D:3)
  6 bats
  2 giant cockroaches
  6 goblins
  6 hobgoblins
  7 jackals
  3 kobolds
  A quokka (D:2)
  A frilled lizard (D:1)
  10 rats
71 creatures vanquished.

Notes
Turn   | Place    | Note
-------+----------+-------------------------------------------
     0 | D:1      | Gorglomux the Felid Fighter began the quest for the Orb.
     0 | D:1      | Reached XP level 1. HP: 10/10 MP: 2/2
   122 | D:1      | Reached skill level 1 in Stealth
   164 | D:1      | Reached skill level 2 in Stealth
   302 | D:1      | Reached XP level 2. HP: 13/14 MP: 3/3
   554 | D:1      | Reached skill level 3 in Stealth
   737 | D:2      | Found a blossoming altar of Fedhas.
   759 | D:2      | Reached skill level 4 in Stealth
   759 | D:2      | Reached XP level 3. HP: 17/17 MP: 4/4
  1394 | D:2      | Reached skill level 5 in Stealth
  1487 | D:3      | Found a stormy altar of Qazlal.
  1502 | D:3      | Noticed xccam's ghost (amateur DrBe)
  1519 | D:3      | Reached XP level 4. HP: 10/21 MP: 5/5
  1778 | D:3      | Found a glowing golden altar of the Shining One.
  1778 | D:3      | Found a hide-covered altar of Uskayaw.
  1804 | D:3      | HP: 1/31 [goblin/club (1)]
  2072 | D:3      | Reached skill level 6 in Stealth
  2615 | D:3      | Reached XP level 5. HP: 24/24 MP: 6/6
  2748 | D:3      | Found a burning altar of Makhleb.
  3997 | D:4      | Noticed Natasha
  4003 | D:4      | Killed Natasha
  4011 | D:4      | Slain by an iguana
  4012 | D:4      | Reached XP level 4. HP: -3/21 MP: 5/5
  4017 | D:4      | Noticed Ijyb
  4196 | D:3      | Became a worshipper of Makhleb the Destroyer
  4301 | D:3      | Reached XP level 5. HP: 7/24 MP: 6/6
  4711 | D:4      | Noticed a centaur
  4720 | D:4      | Found a staircase to the Ecumenical Temple.
  4727 | Temple   | Entered the Ecumenical Temple
  5433 | D:4      | Shot with an arrow by a centaur

Vault maps used:
D:1:      matt_arrival_refuge
D:2:      lemuel_round_altar
D:3:      nicolae_overflow_crystal_walls, nicolae_overflow_hidden_temple,
          gammafunk_temple_overflow_elements, serial_park_tiny_pond
D:4:      lemuel_round_altar, minmay_temple_entry_mist, minmay_misc_feat_tiny,
          fedhas_bush_and_centaur_altar, uniq_ijyb, uniq_natasha
Temple:   eino_temple_lava

Skill      XL: |  1  2  3  4  5 |
---------------+----------------+-----
Stealth        | 2 4 5 6 |  6.6
Dodging        | 5 |  5.0
Fighting       | |  3.7
Unarmed Combat | |  4.6

Action                   |  1- 3 |  4- 6 || total
-------------------------+-------+-------++-------
Melee: Unarmed           |    72 |   168 ||   240
       Bite              |     3 |    15 ||    18
       Punch             |       |     1 ||     1
  Use: Potion            |     1 |     2 ||     3
 Stab: Sleeping          |    11 |     6 ||    17
       Distracted        |       |     3 ||     3
  Eat: Chunk             |     8 |     9 ||    17
Armor: Skin              |     4 |     6 ||    10
Dodge: Dodged            |    44 |   133 ||   177

Table legend:
 A = Spawn XP
 B = Non-spawn XP
 C = Spawn XP percentage of total XP
 D = Spawn monster count
 E = Non-spawn monster count
 F = Spawn count percentage of total count
 G = Total turns spent on level
                    A         B        C        D         E        F      G
               +---------+---------+-------+---------+---------+-------+---------
         Total |       0 |     430 |   0.0 |       0 |      71 |   0.0 |  5433
               +---------+---------+-------+---------+---------+-------+---------
           D:1 |       0 |      19 |   0.0 |       0 |      11 |   0.0 |   664
           D:2 |       0 |      61 |   0.0 |       0 |      14 |   0.0 |  1432
           D:3 |       0 |     277 |   0.0 |       0 |      42 |   0.0 |  3023
           D:4 |       0 |      73 |   0.0 |       0 |       4 |   0.0 |   149
               +---------+---------+-------+---------+---------+-------+---------
